 Dungeon Crawl Stone Soup version 0.28-a0-1087-gf3fc490d9d (webtiles) character file.

Game seed: 7350760337052443914

17244 emperorscorpion the Thaumaturge (level 12, 0/88 HPs)
             Began as a Black Draconian Ice Elementalist on Dec 10, 2021.
             Was a Priest of Qazlal.
             Succumbed to Nessos's poison
             ... on level 13 of the Dungeon.
             The game lasted 00:57:58 (17993 turns).

emperorscorpion the Thaumaturge (DrIE)             Turns: 17993, Time: 00:57:58

Health: 0/88       AC: 12    Str:  8 (12) XL:     12   Next: 17%
Magic:  29/29      EV: 12    Int: 18 (21) God:    Qazlal [***...]
Gold:   864        SH:  4    Dex: 10 (12) Spells: 27/38 levels left

rFire   . . .      SeeInvis .   a - staff of cold
rCold   + + .      Faith    .   (no shield)
rNeg    . . .      Spirit   .   (armour unavailable)
rPois   .          Reflect  .   B - +2 hat
rElec   +          Harm     .   t - +1 cloak {rCorr}
rCorr   +          Rampage  .   (no gloves)
Will    .....                   (no boots)
Stlth   +.........              (no amulet)
HPRegen 0.24/turn               g - ring of protection from cold
MPRegen 0.21/turn               (no ring)

@: lethally poisoned (0 -> -20), attractive
A: breathe lightning, AC +8, unfitting armour, electricity resistance,
cold-blooded, deterioration 1, strong 1, wild magic 1
a: Breathe Lightning, Renounce Religion, Upheaval, Elemental Force


You were on level 13 of the Dungeon.
You worshipped Qazlal.
Qazlal was most pleased with you.
You visited 2 branches of the dungeon, and saw 14 of its levels.
You also visited: Sewer and Bailey.

You collected 864 gold pieces.

Inventory:

Hand Weapons
 b - the +9 quick blade of Ygrai {vorpal, rF++}
   (You acquired it on level 2 of the Dungeon)

   It inflicts extra damage upon your enemies.
   rF:        It greatly protects you from fire.
 f - a +3 quarterstaff of chaos
 p - a +1 vorpal spear
 r - a +1 spear of freezing
 s - a +3 spear of freezing
 y - a +1 scimitar of flaming
 C - a +0 spear of venom
 D - the +7 long sword of Doubt {freeze, Dex+4}
   (You found it in a bailey)

   It freezes those it strikes, dealing additional cold damage.
   It can also slow down cold-blooded creatures.
   Dex:       It affects your dexterity (+4).
Missiles
 h - 71 poisoned darts (quivered)
 i - 103 stones
 u - 5 throwing nets
 I - 4 curare-tipped darts
Armour
 t - a +1 cloak of preservation (worn)
 B - a +2 hat (worn)
 K - a scarf of invisibility
Magical Staves
 a - a staff of cold (weapon)
Jewellery
 g - a ring of protection from cold (left hand)
Wands
 w - a wand of iceblast (3)
 z - a wand of flame (45)
 J - a wand of digging (15)
Scrolls
 c - a scroll of blinking
 k - 6 scrolls of teleportation
 l - a scroll of vulnerability
 n - a scroll of enchant weapon
 q - 2 scrolls of magic mapping
 H - 2 scrolls of immolation
Potions
 d - 4 potions of might
 j - 3 potions of flight
 m - a potion of lignification
 o - a potion of magic
 x - 4 potions of haste
 A - a potion of invisibility
 G - a potion of degeneration
Miscellaneous
 e - a lightning rod (4/4)
 E - a phial of floods


   Skills:
 + Level 2.8 Fighting
 + Level 3.6 Short Blades
 - Level 2.0 Throwing
 + Level 3.5 Dodging
 - Level 1.7 Stealth
 + Level 0.7 Shields
 * Level 13.8 Spellcasting
 + Level 3.2 Conjurations
 + Level 11.9 Ice Magic
 + Level 1.0 Evocations


You had 27 spell levels left.
You knew the following spells:

 Your Spells              Type           Power      Damage    Failure   Level
a - Freeze                Ice            100%       1d11      1%          1
b - Frozen Ramparts       Ice            100%       1d12      1%          3
c - Hailstorm             Conj/Ice       67%        3d14      4%          4
d - Ozocubu's Armour      Ice            83%        N/A       1%          3

Your spell library contained the following spells:

 Spells                   Type           Power      Damage    Failure   Level
 Summon Small Mammal      Summ           64%        N/A       9%          1
 Call Canine Familiar     Summ           16%        N/A       22%         3
 Summon Guardian Golem    Hex/Summ       16%        N/A       22%         3
 Summon Forest            Summ/Tloc      8%         N/A       88%         5
 Eringya's Noxious Bog    Tmut/Pois      8%         N/A       100%        6
 Summon Hydra             Summ           8%         N/A       100%        7


Dungeon Overview and Level Annotations

Branches:
Dungeon (13/15)            Temple (1/1) D:7            Lair (0/6) D:10
    Orc (0/2) D:11          Sewer (visited)          Bailey (visited)
 Vaults: D:13-14

Altars:
Nemelex Xobeh
Qazlal
Wu Jian
Xom

Shops:
D:7 [   D:12 (

Annotations:
D:13 Nessos


Innate Abilities, Weirdness & Mutations

You can breathe wild blasts of lightning.
Your glossy black scales are hard. (AC +8)
You cannot fit into any form of body armour.
You are resistant to electric shocks. (rElec)
You are cold-blooded and may be slowed by cold attacks.
Your body sometimes deteriorates upon taking damage.
Your muscles are strong. (Str +2)
Your spells are a little harder to cast, but a little more powerful.


Message History

You feel much better.
You feel extremely sick.
Nessos shoots an arrow.
The arrow closely misses you.
Nessos shoots an arrow.
The arrow hits you!
* * * LOW HITPOINT WARNING * * *
The arrow burns you.
You are more poisoned.
* * * LOW HITPOINT WARNING * * *
You feel much better.
You feel extremely sick.
Nessos shoots an arrow.
You block the arrow.
Okay, then.
It was a potion of haste.
You feel yourself speed up.
* * * LOW HITPOINT WARNING * * *
You feel extremely sick.
Nessos shoots an arrow.
The arrow misses you.
Nessos shoots an arrow.
The arrow closely misses you.
Unknown command.
* * * LOW HITPOINT WARNING * * *
You feel very sick.
* * * LOW HITPOINT WARNING * * *
You feel very sick.
It was a potion of attraction.
You feel attractive to monsters.
* * * LOW HITPOINT WARNING * * *
You feel very sick. Nessos is attracted toward you.
It was a potion of degeneration.
There was something very wrong with that liquid.
You feel weakened.
You feel dopey.
You feel clumsy.
* * * LOW HITPOINT WARNING * * *
You feel very sick.
Nessos is engulfed in blazing flames.
Nessos unwields a +2 longbow of flaming.
It stops flaming.
Nessos closely misses you. x2
It was a potion of cancellation.
Your magical effects are unravelling.
You feel magically purged.
You feel yourself slow down.
You flicker back into view.
You die...

##........############
...##.#####
####......###
#....####...# #÷####
###.##### #. #.#...#
.. #.....# ..
##...○### ..
......#...@.# ..
......#..c#.# ..
.....>...○#...
.........§#####
####.###... ..# ####:
### c. .# .#


You could see Nessos.

Vanquished Creatures
  Gastronok (D:9)
  3 hydras
  A two-headed ogre (D:13)
  Erica (D:8)
  Pikel (D:8)
  2 ugly things
  2 manticores
  2 cyclopes
  Joseph (D:8)
  2 kobold demonologists (D:12)
  2 unseen horrors
  3 komodo dragons
  An efreet (D:13)
  4 trolls
  The ghost of Yorgos the Slasher, an amateur DjGl of Trog (D:4)
  Sigmund (D:2)
  2 wraiths
  2 steam dragons
  Grum (D:11)
  4 vampire mosquitoes (D:12)
  6 water moccasins
  2 orc warriors
  A black bear (D:5)
  An ice beast (D:6)
  2 necrophages
  2 ogres
  4 wolves (D:11)
  A centaur (D:9)
  2 lemures (D:8)
  A phantom (D:6)
  8 kobold brigands
  2 bullfrogs
  6 scorpions
  11 gnoll sergeants
  A wyvern skeleton (D:7)
  A water moccasin skeleton (D:5)
  4 wights (D:8)
  5 howler monkeys
  2 centaur zombies
  10 hounds
  2 jellies
  7 orc priests
  Crazy Yiuf (D:3)
  7 gnoll shamans
  2 iguanas
  Natasha (thrice) (D:3)
  8 orc wizards
  2 howler monkey zombies
  Robin (D:2)
  A howler monkey skeleton (D:7)
  8 adders
  33 gnolls
  2 river rats
  A shadow imp (D:5)
  3 ufetubi
  An adder zombie (D:5)
  2 dart slugs
  22 orcs
  2 bats
  8 endoplasms
  A giant cockroach (D:4)
  17 goblins
  6 hobgoblins
  8 jackals
  36 kobolds
  4 quokkas
  6 ball pythons
  4 frilled lizards
  8 rats
315 creatures vanquished.

Vanquished Creatures (others)
  15 plants (D:10)
15 creatures vanquished.

Grand Total: 330 creatures vanquished

Notes
Turn   | Place    | Note
-------+----------+-------------------------------------------
     0 | D:1      | emperorscorpion the Draconian Ice Elementalist began the
                  | quest for the Orb.
     0 | D:1      | Reached XP level 1. HP: 14/14 MP: 3/3
   478 | D:1      | Reached XP level 2. HP: 17/20 MP: 1/5
   930 | D:1      | Found a faded altar of an unknown god.
  1345 | D:2      | Noticed Robin
  1484 | D:2      | Reached XP level 3. HP: 26/26 MP: 1/6
  1550 | D:2      | Learned a level 3 spell: Frozen Ramparts
  1693 | D:2      | Killed Robin
  1694 | D:2      | Reached skill level 5 in Ice Magic
  1711 | D:2      | Noticed Sigmund
  1756 | D:2      | Killed Sigmund
  1757 | D:2      | Reached skill level 1 in Throwing
  1757 | D:2      | Reached skill level 3 in Spellcasting
  1757 | D:2      | Reached XP level 4. HP: 6/33 MP: 3/9
  1757 | D:2      | Reached XP level 5. HP: 7/38 MP: 3/10
  2116 | D:2      | Identified a scroll of acquirement
  2116 | D:2      | Acquired the +9 quick blade of Ygrai {vorpal, rF++}
  3005 | D:3      | Reached XP level 6. HP: 45/45 MP: 8/11
  3013 | D:3      | Learned a level 4 spell: Hailstorm
  3040 | D:3      | Noticed Natasha
  3046 | D:3      | Killed Natasha
  3124 | D:3      | Found a runed translucent door.
  3125 | D:3      | Noticed Crazy Yiuf
  3132 | D:3      | Killed Crazy Yiuf
  3133 | D:3      | Reached skill level 1 in Short Blades
  3249 | D:3      | Noticed Natasha
  3253 | D:3      | Killed Natasha
  3254 | D:3      | Reached skill level 4 in Spellcasting
  3663 | D:3      | Noticed Natasha
  3670 | D:3      | Killed Natasha
  4021 | D:4      | Found a glowing drain.
  4039 | Sewer    | Entered a sewer
  4160 | Sewer    | Your scales start taking on a glossy black colour.
  4160 | Sewer    | Reached XP level 7. HP: 49/51 MP: 2/13
  4160 | Sewer    | Gained mutation: You are resistant to electric shocks.
                  | (rElec) [Black Draconian growth]
  4263 | Sewer    | Found a glowing silver altar of Zin.
  4575 | D:4      | Found a shimmering altar of Xom.
  5092 | D:4      | Reached skill level 5 in Spellcasting
  5359 | D:4      | Found a runed translucent gate.
  5359 | D:4      | Found a runed translucent gate.
  5360 | D:4      | Found a runed translucent gate.
  5362 | D:4      | Noticed Yorgos's ghost (amateur DjGl)
  5371 | D:4      | Killed Yorgos's ghost
  5615 | D:5      | Entered Level 5 of the Dungeon
  5636 | D:5      | Reached XP level 8. HP: 43/58 MP: 8/16
  5652 | D:5      | Reached skill level 1 in Fighting
  6005 | D:5      | Reached skill level 6 in Spellcasting
  6378 | D:5      | Acquired a staff of cold
  6564 | D:5      | Reached skill level 7 in Spellcasting
  6895 | D:5      | Reached XP level 9. HP: 62/64 MP: 16/20
  7223 | D:6      | Learned a level 3 spell: Ozocubu's Armour
  7655 | D:6      | Reached skill level 8 in Spellcasting
  8703 | D:7      | Noticed a troll
  8709 | D:7      | Killed a troll
  8863 | D:7      | Found Kobry's Antique Armour Shop.
  8913 | D:7      | Found a staircase to the Ecumenical Temple.
  8924 | Temple   | Entered the Ecumenical Temple
  8945 | Temple   | Became a worshipper of Qazlal Stormbringer
  9106 | D:7      | Reached skill level 1 in Conjurations
  9253 | D:7      | Noticed a troll
  9543 | D:7      | Reached skill level 9 in Spellcasting
  9632 | D:7      | Killed a troll
  9633 | D:7      | Reached skill level 10 in Ice Magic
 10008 | D:8      | Reached XP level 10. HP: 65/72 MP: 16/23
 10195 | D:8      | Noticed Erica
 10204 | D:8      | Killed Erica
 10510 | D:8      | Noticed Pikel
 10519 | D:8      | Killed Pikel
 10520 | D:8      | Reached skill level 10 in Spellcasting
 10617 | D:8      | Noticed Joseph
 10663 | D:8      | Killed Joseph
 11402 | D:9      | Noticed Gastronok
 11423 | D:9      | Killed Gastronok
 11424 | D:9      | Reached skill level 11 in Spellcasting
 11523 | D:9      | Reached * piety under Qazlal
 11568 | D:9      | Found a flagged portal.
 11583 | Bailey   | Entered a bailey
 12240 | Bailey   | Identified the +0 leather armour "Emank" {-Tele rC+ Will+
                  | Str+3 Int+4}
 12247 | Bailey   | Reached XP level 11. HP: 79/79 MP: 17/26
 12391 | Bailey   | Identified the +7 long sword of Doubt {freeze, Dex+4}
 12945 | D:9      | Reached ** piety under Qazlal
 13411 | D:10     | Entered Level 10 of the Dungeon
 14512 | D:10     | Found a staircase to the Lair.
 14885 | D:11     | Noticed a boulder beetle
 14886 | D:11     | Noticed an eight-headed hydra
 14892 | D:11     | Killed an eight-headed hydra
 14893 | D:11     | Reached skill level 12 in Spellcasting
 15248 | D:11     | Reached skill level 1 in Evocations
 15367 | D:11     | Found a staircase to the Orcish Mines.
 15422 | D:11     | Noticed Grum
 15428 | D:11     | Killed Grum
 15596 | D:11     | Gained mutation: Your spells are a little harder to cast,
                  | but a little more powerful. [potion of mutation]
 15596 | D:11     | Gained mutation: Your body sometimes deteriorates upon
                  | taking damage. [potion of mutation]
 15596 | D:11     | Gained mutation: Your muscles are strong. (Str +2) [potion
                  | of mutation]
 15840 | D:11     | Noticed a six-headed hydra
 15850 | D:11     | Killed a six-headed hydra
 16310 | D:11     | You fall into a shaft and drop 1 floor!
 16320 | D:12     | Noticed a five-headed hydra
 16325 | D:12     | Killed a five-headed hydra
 16332 | D:12     | Reached *** piety under Qazlal
 16343 | D:12     | Noticed a sun demon
 16500 | D:12     | Reached skill level 13 in Spellcasting
 16933 | D:12     | Found Utwiw's Weapon Emporium.
 17288 | D:12     | Noticed a purple ugly thing
 17296 | D:12     | Killed a purple ugly thing
 17558 | D:13     | Reached XP level 12. HP: 50/86 MP: 19/29
 17788 | D:13     | Noticed a two-headed ogre
 17792 | D:13     | Killed a two-headed ogre
 17981 | D:13     | Noticed Nessos
 17992 | D:13     | HP: 2/88 [poisoned by Nessos]
 17993 | D:13     | Succumbed to Nessos's poison

Illustrated notes

Levels and vault maps discovered:
D:1:      minmay_arrival_shattered_statue, layout_loops_cross,
          hellmonk_ecumenical_altar_crossroads,
          wander_ebering_terrifying_dragon_lair
D:2:      layout_basic, uniq_robin, uniq_sigmund
D:3:      layout_basic, uniq_natasha, uniq_crazy_yiuf_cottage
D:4:      nicolae_cairo_tiling, layout_cave_pods,
          mainiacjoe_overflow_tiny_flanked, portal_sewer_entry_a,
          ebering_ghost_rock_garden, kennysheep_generic_room_7
D:5:      minmay_chambers_of_threes, layout_rooms, lightli_minifort
D:6:      layout_layer_cave
D:7:      layout_rooms, minmay_temple_entry_mist, serial_shops,
          nicolae_shop_waterfront
D:8:      layout_basic, uniq_pikel, uniq_joseph, uniq_erica
D:9:      layout_roguey, enter_bailey_5, minmay_crystal_room, uniq_gastronok
D:10:     layout_loops_corners, david_lair_shrubbed
D:11:     layout_irregular_city, david_orc_3, uniq_grum
D:12:     layout_loops_ring, serial_shops, kennysheep_little_box
D:13:     layout_rooms, hangedman_vaults_entry_quadrant_bands,
          ebering_ghost_funeral_grove, uniq_nessos, uniq_sonja
Temple:   mainiacjoe_temple_archimedes_tessellation

Skill      XL: |  1  2  3  4  5  6  7  8  9 10 11 |
---------------+----------------------------------+-----
Ice Magic      | 5 6 7 8 10 11 | 11.9
Throwing       | 1 2 |  2.0
Spellcasting   | 3 4 5 7 9 11 13 | 13.8
Dodging        | 2 3 |  3.5
Short Blades   | 1 2 3 |  3.6
Fighting       | 1 2 |  2.8
Conjurations   | 1 2 3 |  3.2
Evocations     | 1 |  1.0
Stealth        | |  1.7
Shields        | |  0.7

Action                   |  1- 3 |  4- 6 |  7- 9 | 10-12 || total
-------------------------+-------+-------+-------+-------++-------
Melee: Unarmed           |     4 |       |       |       ||     4
       Spear             |     4 |     2 |       |       ||     6
       Quick blade       |       |    47 |    55 |    89 ||   191
       Tailslap          |       |     1 |     6 |    11 ||    18
       Staff             |       |       |    15 |     5 ||    20
Throw: Stone             |    42 |       |       |       ||    42
       Dart              |       |       |    28 |    11 ||    39
 Cast: Freeze            |    42 |    36 |   128 |    88 ||   294
       Frozen Ramparts   |     3 |     8 |    21 |    25 ||    57
       Hailstorm         |       |       |    20 |    93 ||   113
       Ozocubu's Armour  |       |       |     3 |    19 ||    22
 Abil: Breathe Lightning |       |       |     9 |     3 ||    12
Evoke: Wand              |       |       |       |    23 ||    23
       Lightning rod     |       |       |       |     1 ||     1
       Phial of floods   |       |       |       |     1 ||     1
  Use: Potion            |     1 |       |       |    11 ||    12
       Scroll            |       |     7 |    11 |     7 ||    25
 Stab: Sleeping          |       |     2 |       |       ||     2
Armor: Skin              |     7 |    15 |    58 |    82 ||   162
Dodge: Dodged            |    15 |    35 |   118 |   103 ||   271
Block: Other             |       |       |       |    26 ||    26

Table legend: (Time is in decaauts)
 A = Elapsed time spent in this place.
 B = Non-inter-level travel time spent in this place.
 C = Inter-level travel time spent in this place.
 D = Time resting spent in this place.
 E = Time spent auto-exploring this place.
 F = Levels seen in this place.
 G = Mean time per level.
                   A        B        C        D        E       F      G
               +--------+--------+--------+--------+--------+-----+--------+
         Total |  17963 |  16993 |    970 |    322 |  14179 |  16 | 1122.7 |
       Dungeon |  16332 |  15381 |    951 |    291 |  12971 |  13 | 1256.3 |
        Temple |     41 |     22 |     19 |      0 |     10 |   1 |   41.0 |
         Sewer |    287 |    287 |      0 |      0 |    235 |   1 |  287.0 |
        Bailey |   1301 |   1301 |      0 |     31 |    963 |   1 | 1301.0 |
               +--------+--------+--------+--------+--------+-----+--------+

Top non-repeatable levels by time:
     D:6: 1858 daAuts
     D:4: 1780 daAuts
     D:2: 1532 daAuts
     D:1: 1421 daAuts
    D:10: 1413 daAuts
  Bailey: 1301 daAuts
     D:8: 1252 daAuts
    D:11: 1248 daAuts
    D:12: 1184 daAuts
     D:5: 1169 daAuts
     D:9: 1107 daAuts
     D:3: 1000 daAuts
     D:7: 885 daAuts
    D:13: 479 daAuts
   Sewer: 287 daAuts
